 Dungeon Crawl Stone Soup version 0.29-a0-334-gb41bcbb86e (webtiles) character file.

Game seed: 17933117718840178870

115795 drugrobin the Severer (level 15, -6/135 HPs)
             Began as a Demigod Fighter on Apr 13, 2022.
             Mangled by a deep elf blademaster
             ... wielding a +0 rapier
              (10 damage)
             ... on level 3 of the Elven Halls.
             The game lasted 01:31:28 (37115 turns).

drugrobin the Severer (Demigod Fighter)            Turns: 37115, Time: 01:31:29

Health: -6/135     AC: 28    Str: 37    XL:     15   Next: 71%
Magic:  17/18      EV: 21    Int: 18    God:
Gold:   812        SH:  8    Dex: 13    Spells: 14/14 levels left

rFire   . . .      SeeInvis +   b - +4 hand axe of the Gloaming {drain, Drain rN+ SInv}
rCold   + . .      Faith    .   A - +1 buckler {reflect}
rNeg    + . .      Spirit   .   a - +0 crystal plate armour {rC+}
rPois   +          Reflect  +   T - +2 helmet {SInv}
rElec   .          Harm     .   i - +0 cloak {Will+}
rCorr   .          Rampage  .   v - +1 pair of gloves {infuse}
Will    +++..                   l - +1 pair of boots
Stlth   ..........              H - amulet "Fuhem" {Acrobat rPois Regen+ Str+2}
HPRegen 1.12/turn               F - +6 ring of strength
MPRegen 0.16/turn               c - ring of willpower

@: acrobatic
A: high MP 1, forlorn, divine attributes
a: no special abilities


You were on level 3 of the Elven Halls.
You visited 4 branches of the dungeon, and saw 21 of its levels.
You visited 1 bazaar.
You also visited: Sewer, Ossuary and Ice Cave.

You collected 2537 gold pieces.
You spent 1725 gold pieces at shops.

Inventory:

Hand Weapons
 b - the +4 hand axe of the Gloaming (weapon) {drain, Drain rN+ SInv}
   (You found it on level 4 of the Lair of Beasts)

   A truly terrible weapon, it drains the life of any living foe it strikes.
   rN:        It protects you from negative energy.
   SInv:      It lets you see invisible.
   Drain:     It drains your maximum health when unequipped.
 r - a +3 war axe
Missiles
 k - 30 poisoned darts (quivered)
Armour
 a - a +0 crystal plate armour of cold resistance (worn)
 i - a +0 cloak of willpower (worn)
 l - a +1 pair of boots (worn)
 v - a +1 pair of gloves of infusion (worn)
 A - a +1 buckler of reflection (worn)
 T - a +2 helmet of see invisible (worn)
Jewellery
 c - a ring of willpower (right hand)
 f - a ring of protection from fire
 w - a ring of protection from cold
 F - a +6 ring of strength (left hand)
 H - the amulet "Fuhem" (around neck) {Acrobat rPois Regen+ Str+2}
   (You bought it in a shop in a bazaar)

   [amulet of the acrobat]

   It increases your evasion while moving and waiting.
   Str:       It affects your strength (+2).
   rPois:     It protects you from poison.
   Regen:     It increases your rate of health regeneration.
 J - a +6 ring of dexterity
 O - a ring of protection from cold
Wands
 u - a wand of acid (7)
 z - a wand of paralysis (25)
 G - a wand of iceblast (6)
 Q - a wand of polymorph (15)
 R - a wand of mindburst (9)
 W - a wand of flame (8)
Scrolls
 e - 3 scrolls of enchant weapon
 g - 4 scrolls of blinking
 j - 3 scrolls of vulnerability
 q - 3 scrolls of silence
 s - 2 scrolls of enchant armour
 y - 11 scrolls of teleportation
 B - 2 scrolls of fear
 M - 3 scrolls of holy word
 P - a scroll of summoning
 S - 3 scrolls of amnesia
 V - 2 scrolls of fog
 X - 2 scrolls of brand weapon
 Z - 3 scrolls of magic mapping
Potions
 h - 5 potions of ambrosia
 m - a potion of berserk rage
 o - 5 potions of attraction
 t - 3 potions of invisibility
 C - 5 potions of haste
 D - 3 potions of heal wounds
 E - 3 potions of curing
 I - 7 potions of resistance
 K - 3 potions of might
 N - a potion of cancellation
 U - 4 potions of lignification
Miscellaneous
 d - a tin of tremorstones (2/2)
 n - a condenser vane
 p - a phial of floods
 Y - a lightning rod (4/4)


   Skills:
 + Level 13.1 Fighting
 * Level 17.8 Axes
 + Level 8.2 Armour
 + Level 13.0 Shields
 + Level 7.4 Evocations


You had 14 spell levels left.
You didn't know any spells.
Your spell library contained the following spells:

 Spells                   Type           Power      Damage    Failure   Level
 Animate Skeleton         Necr           0%         N/A       99%         1
 Pain                     Necr           0%         1d4       99%         1
 Blink                    Tloc           0%         N/A       99%         2
 Corpse Rot               Necr/Air       0%         N/A       99%         2
 Poisonous Vapours        Pois/Air       0%         N/A       99%         2
 Static Discharge         Conj/Air       0%         N/A       99%         2
 Sublimation of Blood     Necr           0%         N/A       99%         2
 Wereblood                Tmut           0%         N/A       99%         2
 Gell's Gravitas          Tloc           0%         N/A       100%        3
 Lesser Beckoning         Tloc           0%         N/A       100%        3
 Stone Arrow              Conj/Erth      0%         3d7       100%        3
 Summon Guardian Golem    Hex/Summ       0%         N/A       100%        3
 Teleport Other           Tloc           0%         N/A       100%        3
 Vampiric Draining        Necr           0%         2d6       100%        3
 Animate Armour           Summ/Erth      0%         N/A       100%        4
 Summon Ice Beast         Ice/Summ       0%         N/A       100%        4
 Agony                    Necr           0%         N/A       100%        5
 Excruciating Wounds      Necr           0%         N/A       100%        5
 Fireball                 Conj/Fire      0%         3d3       100%        5
 Manifold Assault         Tloc           0%         N/A       100%        5
 Summon Forest            Summ/Tloc      0%         N/A       100%        5
 Dispersal                Tloc           0%         N/A       100%        6
 Orb of Destruction       Conj           0%         9d5       100%        7
 Spellforged Servitor     Conj/Summ      0%         N/A       100%        7
 Summon Hydra             Summ           0%         N/A       100%        7
 Lehudib's Crystal Spear  Conj/Erth      0%         10d2      100%        8


Dungeon Overview and Level Annotations

Branches:
Dungeon (10/15)            Temple (0/1) D:4            Lair (6/6) D:9
  Swamp (0/4) Lair:4        Snake (0/4) Lair:3        Slime (0/5) Lair:6
    Orc (2/2) D:10            Elf (3/3) Orc:2         Sewer (visited)
Ossuary (visited)           IceCv (visited)

Shops:
D:1 (   D:8 *   Orc:2 [[((

Annotations:
D:10 1 runed translucent door
Lair:6 3 runed translucent doors, exclusion: oklob plant, zyris's ghost, journeyman VSWn
Elf:2 3 runed translucent doors


Innate Abilities, Weirdness & Mutations

You have an increased reservoir of magic. (+10% MP)
You shall have no god before yourself.
Your divine heritage dramatically boosts your attributes as you level up.


Message History

You feel strangely unstable.
The deep elf blademaster barely misses you.
The deep elf blademaster hits you with a +0 rapier!!
* * * LOW HITPOINT WARNING * * *
You block the deep elf blademaster's attack.
The deep elf blademaster hits you but does no damage.
Unknown command.
Unknown command.
Unknown command.
Throw: throwing net
Press: ? - help, Shift-Dir - straight line, f/p - deep elf blademaster
Aim: a deep elf blademaster, wielding two +0 rapiers, wearing a +0 leather armour and wearing an amulet of regeneration (lightly wounded, berserk, poisoned, 15% to hit)
You throw a throwing net.
The throwing net hits the deep elf blademaster.
The deep elf blademaster is caught in the net!
The deep elf blademaster is lightly wounded.
The deep elf blademaster struggles against the net. x2
Unknown command.
Unknown command.
You hit the deep elf blademaster.
The deep elf blademaster is lightly wounded.
The deep elf blademaster struggles against the net.
The net rips apart, and the deep elf blademaster comes free!
The deep elf blademaster hits you with a +0 rapier!
* * * LOW HITPOINT WARNING * * *
The deep elf blademaster hits you with a +0 rapier!!
* * * LOW HITPOINT WARNING * * *
Unknown command.
Unknown command.
Blink to where?
Press: ? - help, Dir - move target, p - deep elf blademaster
As you read the scroll of blinking, it crumbles to dust.
Unknown command.
Unknown command.
Unknown command.
Unknown command.
Unknown command.
Your surroundings seem slightly different.
The deep elf blademaster hits you with a +0 rapier!
You die...

.......................#
≈......................#
≈≈≈≈≈≈††≈≈≈≈≈≈≈≈≈≈≈≈≈≈≈#
≈≈≈≈≈≈≈≈≈≈≈≈≈≈≈≈≈≈≈≈≈≈≈#
########################
'...............).)))..#
'............§..)))....#
##'########'###'########
#...#.........'.@e.....#
....#.........#........#
<...'.........#(....(.§#
.##########....#########
.# ###..# .# #..# .#
#..# .# #..# ^# #.e#


You could see a deep elf blademaster (berserk, poisoned).

Vanquished Creatures
  7 deep elf sorcerers
  4 deep elf elementalists (Elf:3)
  2 deep elf demonologists
  Azrael (Orc:2)
  2 deep elf annihilators (Elf:3)
  5 deep elf death magi
  Snorg (Lair:5)
  A deep elf high priest (Elf:3)
  3 hydras
  A boulder beetle (D:7)
  3 catoblepae (Lair:6)
  13 dancing weapons
  7 death yaks
  6 orc high priests (Orc:2)
  7 deep elf knights
  A fire crab (Lair:6)
  14 deep elf archers
  Pikel (D:5)
  6 orc knights (Orc:2)
  28 deep elf pyromancers
  21 deep elf zephyrmancers
  An ugly thing (IceCv)
  A wolf spider (Lair:1)
  2 manticores (Lair:6)
  2 cyclopes
  A manticore (shapeshifter) (Elf:1)
  A guardian serpent (Lair:3)
  3 black mambas
  2 ice statues (IceCv)
  10 cane toads
  An efreet (D:8)
  3 rime drakes (Lair:2)
  10 komodo dragons
  A freezing wraith (IceCv)
  4 ice devils
  A troll (D:9)
  A tyrant leech (Lair:4)
  8 polar bears
  18 blink frogs
  7 dream sheep (Lair:6)
  A jumping spider (shapeshifter) (Elf:2)
  2 air elementals (Elf:1)
  A wraith (D:10)
  3 water elementals
  7 wyverns
  A dire elephant simulacrum (IceCv)
  4 fire elementals
  53 yaks
  4 basilisks
  A steam dragon (D:6)
  A death yak simulacrum (IceCv)
  Menkaure (D:4)
  A harpy simulacrum (Lair:2)
  A warg (Orc:1)
  2 acid dragons
  18 water moccasins
  2 hell hounds (Orc:2)
  A swamp worm (Lair:4)
  37 orc warriors
  4 black bears
  An ice beast (D:6)
  3 sky beasts
  9 ogres
  36 wolves
  4 centaurs
  2 phantoms
  A kobold brigand (D:9)
  An elf zombie (D:7)
  Blork the orc (D:4)
  15 bullfrogs
  2 elf skeletons (D:7)
  4 scorpions
  A cane toad simulacrum (IceCv)
  2 earth elementals
  A necrophage (D:4)
  16 wights
  An elephant simulacrum (Lair:2)
  14 killer bees
  2 electric eels (Elf:3)
  2 hounds
  5 jellies
  A gnoll shaman (D:5)
  26 orc priests
  Crazy Yiuf (D:2)
  4 iguanas
  17 orc wizards
  Natasha (thrice) (D:4)
  A spriggan simulacrum (Lair:2)
  A polar bear simulacrum (Lair:2)
  A troll simulacrum (Lair:2)
  A wolf simulacrum (IceCv)
  4 mummies (Ossuary)
  Robin (D:4)
  11 gnolls
  17 adders
  A naga simulacrum (Lair:2)
  6 river rats
  A shadow imp (D:4)
  A white imp (D:6)
  5 worms
  12 dart slugs
  73 orcs
  13 ball pythons
  9 bats
  12 endoplasms
  4 giant cockroaches
  13 goblins
  10 hobgoblins
  5 jackals
  11 kobolds
  4 quokkas
  7 frilled lizards
  4 gnoll skeletons (Ossuary)
  2 gnoll zombies (Ossuary)
  2 goblin skeletons (Ossuary)
  4 goblin zombies (Ossuary)
  4 hobgoblin skeletons (Ossuary)
  4 hobgoblin zombies (Ossuary)
  8 kobold skeletons (Ossuary)
  5 kobold zombies (Ossuary)
  2 orc skeletons (Ossuary)
  9 orc zombies
  9 rats
  5 rat skeletons (Ossuary)
  4 rat zombies (Ossuary)
817 creatures vanquished.

Vanquished Creatures (others)
  A killer bee (D:8)
  An orc (Orc:2)
  26 fungi
  47 plants
75 creatures vanquished.

Grand Total: 892 creatures vanquished

Notes
Turn   | Place    | Note
-------+----------+-------------------------------------------
     0 | D:1      | drugrobin the Demigod Fighter began the quest for the Orb.
     0 | D:1      | Reached XP level 1. HP: 18/18 MP: 3/3
   225 | D:1      | Reached skill level 2 in Axes
   252 | D:1      | Reached XP level 2. HP: 16/25 MP: 4/4
   491 | D:1      | Found Resuwur's Antique Weapon Shoppe.
  1073 | D:2      | Reached XP level 3. HP: 26/31 MP: 5/5
  1229 | D:2      | Found a runed translucent door.
  1230 | D:2      | Noticed Crazy Yiuf
  2611 | D:3      | Reached XP level 4. HP: 38/38 MP: 4/6
  2722 | D:3      | Reached skill level 3 in Axes
  3159 | D:3      | Reached XP level 5. HP: 45/45 MP: 5/7
  3556 | D:4      | Noticed Blork the orc
  3683 | D:4      | Killed Blork the orc
  3791 | D:4      | Noticed Natasha
  3797 | D:4      | Killed Natasha
  3798 | D:4      | Reached skill level 4 in Axes
  4088 | D:4      | Noticed Menkaure
  4109 | D:4      | Noticed Natasha
  4114 | D:4      | Killed Natasha
  4115 | D:4      | Reached XP level 6. HP: 17/52 MP: 5/8
  4365 | D:4      | Found a staircase to the Ecumenical Temple.
  4689 | D:4      | Noticed Robin
  4699 | D:4      | Killed Robin
  4800 | D:4      | Noticed Natasha
  4806 | D:4      | Killed Natasha
  4913 | D:4      | Killed Menkaure
  4914 | D:4      | Reached skill level 5 in Axes
  4914 | D:4      | Reached XP level 7. HP: 60/60 MP: 7/9
  5442 | D:5      | Entered Level 5 of the Dungeon
  5554 | D:5      | Noticed Pikel
  5603 | D:5      | Killed Pikel
  5604 | D:5      | Reached skill level 5 in Fighting
  5604 | D:5      | Reached skill level 6 in Axes
  5604 | D:5      | Reached skill level 5 in Shields
  5604 | D:5      | Reached XP level 8. HP: 53/69 MP: 0/10
  5749 | D:5      | Reached skill level 7 in Axes
  5806 | D:5      | Found a glowing drain.
  5811 | Sewer    | Entered a sewer
  7909 | D:5      | Reached skill level 8 in Axes
  7934 | D:6      | Reached XP level 9. HP: 51/75 MP: 7/11
  8831 | D:7      | Identified a scroll of acquirement
  8832 | D:7      | Acquired a +2 helmet of intelligence
  8899 | D:7      | Noticed Duvessa
  8900 | D:7      | Noticed Dowan
  8908 | D:7      | Noticed Duvessa
  8908 | D:7      | Duvessa changed into Duvessa the river rat
  8909 | D:7      | Killed Duvessa the river rat
  8913 | D:7      | Noticed Dowan
  8913 | D:7      | Dowan changed into Dowan the scorpion
  8920 | D:7      | Killed Dowan the scorpion
  9058 | D:7      | Reached skill level 9 in Axes
  9116 | D:7      | Found a sand-covered staircase.
  9122 | Ossuary  | Entered an ossuary
 10366 | D:7      | Noticed a boulder beetle
 10390 | D:7      | Killed a boulder beetle
 10391 | D:7      | Reached XP level 10. HP: 72/86 MP: 10/13
 10936 | D:2      | Killed Crazy Yiuf
 11231 | D:8      | Reached skill level 10 in Axes
 11515 | D:8      | Found Kiobeph's Changing Room.
 11528 | D:8      | Bought 2 potions of lignification for 84 gold pieces
 11819 | D:8      | Noticed a cyclops
 11832 | D:8      | Killed a cyclops
 12965 | D:9      | Found a staircase to the Lair.
 13213 | D:9      | Noticed a cyclops
 13235 | D:9      | Killed a cyclops
 13236 | D:9      | Reached skill level 11 in Axes
 13366 | Lair:1   | Entered Level 1 of the Lair of Beasts
 13448 | Lair:1   | HP: 3/88 [poisoned by a cane toad]
 13830 | Lair:1   | Identified the +2 robe of Kullile {rC+++ Int-2 Dex+6
                  | Stlth+}
 14083 | Lair:1   | Reached XP level 11. HP: 91/95 MP: 0/14
 14519 | Lair:1   | Noticed a six-headed hydra
 14774 | Lair:1   | Killed a two-headed hydra
 14775 | Lair:1   | Reached skill level 12 in Axes
 15540 | Lair:1   | Noticed an eight-headed hydra
 15548 | Lair:1   | Killed a three-headed hydra
 16774 | Lair:2   | Reached skill level 13 in Axes
 17221 | Lair:2   | Reached XP level 12. HP: 106/106 MP: 7/15
 17868 | Lair:2   | Reached skill level 10 in Fighting
 17905 | Lair:2   | Reached skill level 10 in Shields
 19426 | Lair:3   | Found a staircase to the Snake Pit.
 19917 | Lair:3   | Reached skill level 14 in Axes
 21568 | Lair:4   | Identified the +4 hand axe of the Gloaming {drain, Drain
                  | rN+ SInv}
 21729 | Lair:4   | Found a staircase to the Swamp.
 22506 | Lair:5   | Noticed Snorg
 22779 | Lair:5   | Killed Snorg
 22857 | Lair:5   | Reached XP level 13. HP: 104/115 MP: 11/16
 23424 | Lair:6   | Entered Level 6 of the Lair of Beasts
 23442 | Lair:6   | Noticed zyris's ghost (journeyman VSWn)
 23507 | Lair:6   | Reached skill level 1 in Evocations
 23539 | Lair:6   | Found a staircase to the Slime Pits.
 23555 | Lair:6   | Reached skill level 15 in Axes
 23624 | Lair:6   | Found a frozen archway.
 23725 | IceCv    | Entered an ice cave
 23742 | IceCv    | HP: 6/174 [freezing wraith (4)]
 23866 | IceCv    | Found a transporter.
 23913 | IceCv    | Found a transporter.
 24577 | Lair:6   | Noticed a minotaur
 24588 | Lair:6   | Found a runed translucent gate.
 24588 | Lair:6   | Found a runed translucent gate.
 24588 | Lair:6   | Found a runed translucent gate.
 25516 | Lair:6   | Reached skill level 5 in Armour
 26779 | D:10     | Entered Level 10 of the Dungeon
 27071 | D:10     | Found a runed translucent door.
 27159 | D:10     | Identified the +1 helmet "Seaguqi" {rPois}
 27389 | D:10     | Found a staircase to the Orcish Mines.
 27645 | Orc:1    | Entered Level 1 of the Orcish Mines
 28252 | Orc:2    | Entered Level 2 of the Orcish Mines
 28468 | Orc:2    | Found a staircase to the Elven Halls.
 28479 | Orc:2    | Noticed Azrael
 28714 | Orc:2    | Killed Azrael
 29076 | Orc:2    | Reached XP level 14. HP: 116/125 MP: 4/17
 29412 | Orc:2    | Reached skill level 16 in Axes
 30728 | Orc:2    | Found Roch's Antique Weapon Boutique.
 30728 | Orc:2    | Found Pesoghon's Weapon Boutique.
 30729 | Orc:2    | Found Ronyery's Armour Boutique.
 30729 | Orc:2    | Found Suisoc's Armour Shop.
 30900 | Elf:1    | Entered Level 1 of the Elven Halls
 30985 | Elf:1    | Found a flickering gateway to a bazaar.
 30990 | Bazaar   | Entered a bazaar
 31027 | Bazaar   | Found Woretocu's Magic Scroll Emporium.
 31049 | Bazaar   | Found Boiv's Jewellery Emporium.
 31082 | Bazaar   | Bought a ring of protection from fire for 375 gold pieces
 31082 | Bazaar   | Bought the amulet "Fuhem" {Acrobat rPois Regen+ Str+2} for
                  | 681 gold pieces
 31118 | Bazaar   | Bought a scroll of magic mapping for 52 gold pieces
 31118 | Bazaar   | Bought a scroll of amnesia for 52 gold pieces
 31118 | Bazaar   | Bought a scroll of blinking for 112 gold pieces
 31118 | Bazaar   | Bought a scroll of identify for 30 gold pieces
 31118 | Bazaar   | Bought a scroll of identify for 30 gold pieces
 31118 | Bazaar   | Bought a scroll of identify for 30 gold pieces
 31260 | Orc:2    | Bought a +2 helmet of see invisible for 279 gold pieces
 31385 | Elf:1    | Paralysed by an air elemental for 1 turns
 31390 | Elf:1    | Reached skill level 5 in Evocations
 31651 | Elf:1    | Paralysed by an air elemental for 1 turns
 32552 | Elf:1    | Noticed a deep elf sorcerer
 32663 | Elf:1    | Killed a deep elf sorcerer
 32899 | Elf:1    | Got the Guide on Battle Magic and Illusion
 33713 | Elf:1    | Reached skill level 17 in Axes
 33844 | Elf:1    | Reached XP level 15. HP: 108/134 MP: 9/18
 34094 | Elf:2    | Found a runed translucent gate.
 34094 | Elf:2    | Found a runed translucent gate.
 34096 | Elf:2    | Found a runed translucent gate.
 34630 | Elf:3    | Entered Level 3 of the Elven Halls
 37018 | Elf:3    | Identified the +4 flail of Sousix {elec, Dex+5}
 37099 | Elf:3    | Noticed a deep elf blademaster
 37112 | Elf:3    | HP: 1/135 [deep elf blademaster/+0 rapier (19)]
 37115 | Elf:3    | Mangled by a deep elf blademaster

Illustrated notes

Levels and vault maps discovered:
D:1:      moated_graveyard_arrival, layout_basic, serial_shops, shop
D:2:      layout_loops_ring, ebering_ecumenical_altar_petrified,
          uniq_crazy_yiuf_cottage
D:3:      kennysheep_slugbush, layout_basic, mainiacjoe_overflow_catwalk
D:4:      layout_loops_corners, minmay_temple_entry_glassed_door, uniq_menkaure,
          uniq_robin, uniq_natasha, uniq_blork_the_orc
D:5:      layout_basic, lightli_sewer_entry_pipes, uniq_pikel
D:6:      layout_cave_pools, due_unseen_surprise
D:7:      nicolae_BIG_FREAKIN_CUBE, layout_basic,
          nicolae_ossuary_entry_catacombs, uniq_duvessa
D:8:      layout_loops_ring, hangedman_decor_clover_reticule,
          nicolae_concentric_dashed_squares_wild, nicolae_transmutations_shop,
          palyth_stone_intersect, minmay_misc_feat_plants
D:9:      layout_roguey, david_lair_generic
D:10:     cheibrodos_shockbox, layout_irregular_city, orc_0_dummy
Lair:1:   cheibrodos_lair_river_kwai, layout_regular_city,
          nicolae_lair_run_with_the_wolves, grunt_megastairs_5
Lair:2:   dreamdust_isle_of_ice, layout_regular_city
Lair:3:   layout_big_grid, minmay_snake_entry_spellcaster,
          infiniplex_staircase_pool, grunt_megastairs_3
Lair:4:   layout_regular_city, minmay_swamp_entry_worms, st_stairs_7,
          guppyfry_lair_drakes
Lair:5:   layout_regular_city, grunt_megastairs_2, uniq_snorg
Lair:6:   evilmike_catoblepas_cave, layout_long_grid,
          nicolae_slime_entry_slimehenge, portal_ice_cave_demonic_guard,
          maelrawn_ghost_gauntlet_escape, lemuel_fruit_tree
Orc:1:    layout_caves
Orc:2:    st_orc_pillars, layout_caves, basic_altar, uniq_azrael
Elf:1:    elf_arrival_001, layout_geoelf_grid, serial_shops, bzr_entry_road,
          minmay_elf_sorcery
Elf:2:    nicolae_elf_blades_splatter_lattice
          [nicolae_blade_entry_floor_patterns], layout_geoelf_grid,
          small_statue_intersection, amcnicky_mini_pool_small
Elf:3:    minmay_elf_hall_x, layout_geoelf_castle

Skill      XL: |  1  2  3  4  5  6  7  8  9 10 11 12 13 14 15 |
---------------+----------------------------------------------+-----
Axes           | 2 3 4 5 6 8 9 11 13 14 15 17 | 17.8
Armour         | 3 4 5 7 8 |  8.2
Fighting       | 3 4 5 6 7 8 9 10 11 12 13 | 13.1
Shields        | 3 4 5 6 7 8 9 10 11 12 13 | 13.0
Evocations     | 4 6 7 |  7.4

Action                   |  1- 3 |  4- 6 |  7- 9 | 10-12 | 13-15 || total
-------------------------+-------+-------+-------+-------+-------++-------
Melee: War axe           |   133 |    36 |    15 |       |       ||   184
       Trident           |       |    92 |   166 |       |       ||   258
       Hand axe          |       |       |   360 |   842 |  1568 ||  2770
       Spear             |       |       |    19 |   168 |       ||   187
       Dagger            |       |       |     8 |    20 |       ||    28
       Scimitar          |       |       |       |    13 |       ||    13
Throw: Dart              |       |     5 |    12 |    10 |    11 ||    38
       Throwing net      |       |       |       |       |     5 ||     5
Evoke: Wand              |       |     1 |     4 |     1 |    14 ||    20
       Lightning rod     |       |       |       |     4 |     2 ||     6
       Phial of floods   |       |       |       |       |     2 ||     2
       Condenser vane    |       |       |       |       |     1 ||     1
  Use: Scroll            |       |     2 |     6 |    11 |    15 ||    34
       Potion            |       |       |       |     3 |     2 ||     5
 Stab: Invisible         |       |       |       |       |    17 ||    17
       Paralysed         |       |       |       |       |     1 ||     1
       Held in net/web   |       |       |       |       |     1 ||     1
Armor: Scale mail        |    85 |    54 |       |   256 |    43 ||   438
       Chain mail        |       |    12 |   229 |   162 |       ||   403
       Troll leather arm |       |       |       |     9 |       ||     9
       Plate armour      |       |       |       |    24 |       ||    24
       Crystal plate arm |       |       |       |       |   510 ||   510
Dodge: Dodged            |    59 |    42 |   151 |   347 |   242 ||   841
Block: Buckler           |    26 |    24 |   132 |   318 |   303 ||   803
       Reflection        |       |       |       |       |     1 ||     1

Table legend: (Time is in decaauts)
 A = Elapsed time spent in this place.
 B = Non-inter-level travel time spent in this place.
 C = Inter-level travel time spent in this place.
 D = Time resting spent in this place.
 E = Time spent auto-exploring this place.
 F = Levels seen in this place.
 G = Mean time per level.
                   A        B        C        D        E       F      G
               +--------+--------+--------+--------+--------+-----+--------+
         Total |  36608 |  34956 |   1652 |   6037 |  19559 |  25 | 1464.3 |
       Dungeon |  13663 |  12866 |    797 |   2135 |   7524 |  10 | 1366.3 |
          Lair |  11815 |  11342 |    473 |   1734 |   7286 |   6 | 1969.2 |
  Orcish Mines |   3260 |   3090 |    170 |    648 |   1664 |   2 | 1630.0 |
   Elven Halls |   5631 |   5421 |    210 |   1270 |   2187 |   3 | 1877.0 |
        Bazaar |    175 |    175 |      0 |      0 |      0 |   1 |  175.0 |
         Sewer |   1017 |   1017 |      0 |      3 |    646 |   1 | 1017.0 |
       Ossuary |    712 |    712 |      0 |    124 |    252 |   1 |  712.0 |
      Ice Cave |    331 |    331 |      0 |    121 |      0 |   1 |  331.0 |
               +--------+--------+--------+--------+--------+-----+--------+

Top non-repeatable levels by time:
  Lair:1: 3246 daAuts
  Lair:2: 3185 daAuts
   Elf:3: 2172 daAuts
   Orc:2: 2065 daAuts
   Elf:1: 2063 daAuts
  Lair:6: 1991 daAuts
     D:4: 1859 daAuts
     D:5: 1715 daAuts
     D:9: 1574 daAuts
     D:3: 1558 daAuts
     D:8: 1543 daAuts
   Elf:2: 1395 daAuts
     D:2: 1344 daAuts
  Lair:4: 1283 daAuts
     D:7: 1268 daAuts
